 Dungeon Crawl Stone Soup version 0.19-a0-1895-g783e625 (webtiles) character file.

1124 Amnesiac the Grappler (level 8, -4/80 HPs)
             Began as a Troll Berserker on Oct 18, 2016.
             Was a Priest of Trog.
             Slain by Prince Ribbit (12 damage)
             ... on level 9 of the Dungeon.
             The game lasted 00:04:26 (1570 turns).

Amnesiac the Grappler (Troll Berserker)             Turns: 1570, Time: 00:04:27

Health: -4/80      AC:  6    Str: 26    XL:     8   Next: 13%
Magic:  7/7        EV: 10    Int:  3    God:    Trog [***...]
Gold:   153        SH:  0    Dex: 11    Spells: 0 memorised, 7 levels left

rFire  . . .     SeeInvis .       - Unarmed
rCold  . . .     Gourm    +     a - +0 animal skin
rNeg   . . .     Faith    .     (no shield)
rPois  .         Spirit   .     (helmet restricted)
rElec  .         Reflect  .     c - +0 cloak
rCorr  .         Harm     .     (gloves unavailable)
MR     .....                    (boots unavailable)
Stlth  +.........               (no amulet)
                                (no ring)
                                (no ring)

@: lethally poisoned (-4 -> -4), exhausted, slowed, invisible, very slow
A: unfitting armour, claws 3, fast metabolism 3, gourmand, regeneration 1,
shaggy fur 1, tough skin 2
a: Berserk, Trog's Hand, Burn Spellbooks, Renounce Religion


You were on level 9 of the Dungeon.
You worshipped Trog.
Trog was most pleased with you.
You were very full.

You visited 1 branch of the dungeon, and saw 9 of its levels.
You also visited: Sewer.

You collected 175 gold pieces.
You spent 22 gold pieces at shops.

Inventory:

Hand Weapons
 y - a +0 blowgun
Armour
 a - a +0 animal skin (worn)
 c - a +0 cloak (worn)
Wands
 x - a wand of polymorph (23/24)
Scrolls
 d - a scroll of fog
 n - a scroll of fear
 s - a scroll of amnesia {unknown}
 t - 3 scrolls of remove curse
 z - a scroll of magic mapping {unknown}
 A - a scroll of random uselessness {unknown}
Potions
 e - 2 potions of haste {unknown}
 h - 3 potions of might {unknown}
 k - a potion of magic {unknown}
 l - 2 potions of heal wounds {unknown}
 m - a potion of curing
 o - a potion of cure mutation {unknown}
 p - 2 potions of lignification {unknown}
 r - a potion of brilliance {unknown}
 u - 2 potions of ambrosia {unknown}
 v - a potion of degeneration {unknown}
 w - a potion of resistance
Comestibles
 b - 4 bread rations
 g - 5 chunks of flesh
 i - 2 meat rations
 j - a slice of pizza


   Skills:
 + Level 5.1 Fighting
 - Level 2.4 Dodging
 * Level 8.5 Unarmed Combat


You had 7 spell levels left.
You didn't know any spells.

Dungeon Overview and Level Annotations

Branches:
Dungeon (9/15)             Temple (0/1) D:5
   Lair: D:8-11         Orc: D:9-12

Altars:
Fedhas

Shops:
D:8 *

Annotations:
D:9 Prince Ribbit


Innate Abilities, Weirdness & Mutations

You are too large for most types of armour.
You have claws for hands.
Your metabolism is lightning-fast.
You like to eat raw meat.
Your natural rate of healing is unusually fast.
You are covered in fur. (AC +1)
You have very tough skin. (AC +2)


Message History

Prince Ribbit blinks!
As you read the scroll labeled ZAHUNK CUQON, it crumbles to dust.
You assume a fearsome visage.
The killer bee looks frightened! x3
It was a scroll of fear.
You feel sick.
You feel sick.
You see here a killer bee corpse.
You feel sick.
You scratch Prince Ribbit.
Prince Ribbit is lightly wounded.
Prince Ribbit hits you.
Cornered, the killer bee turns to fight!
Prince Ribbit hits you but does no damage.
You closely miss Prince Ribbit.
Prince Ribbit is lightly wounded.
You feel sick. Prince Ribbit hits you! x2
* * * LOW HITPOINT WARNING * * *
Cornered, the killer bee turns to fight!
You fade into invisibility!
You feel sick. Prince Ribbit hits you!
You die...

#...... ........
#...... #.....
....# ####...#
#.†F...#.#
###@...#.#
##.#.#.# #..y.#.#
##.#.#.#
#.#.#.####
#......>.#
###########.y##[#
#...........>#
.#......#####


You could see Prince Ribbit and 2 killer bees.

Vanquished Creatures
  An orc warrior (D:6)
  A black bear (D:8)
  An ice beast (D:6)
  A centaur (D:8)
  A big kobold (D:8)
  A bullfrog (D:8)
  2 killer bees (D:9)
  A hound (D:8)
  6 orc wizards
  A gnoll shaman (D:5)
  2 orc priests (D:8)
  2 jellies
  A worker ant (D:5)
  A killer bee zombie (D:6)
  3 hound skeletons
  3 gnolls (D:5)
  A river rat (Sewer)
  3 adders
  7 leopard geckos
  13 orcs
  A bat (D:1)
  3 giant cockroaches
  A goblin (D:1)
  A hobgoblin (D:1)
  4 jackals
  2 ball pythons
  11 frilled lizards
  7 kobolds
  A leopard gecko skeleton (D:8)
  A quokka skeleton (D:5)
  5 rats (Sewer)
  A plant (D:8)
90 creatures vanquished.

Notes
Turn   | Place    | Note
-------+----------+-------------------------------------------
     0 | D:1      | Amnesiac the Troll Berserker began the quest for the Orb.
     0 | D:1      | Reached XP level 1. HP: 22/22 MP: 0/0
   174 | D:2      | Reached XP level 2. HP: 29/29 MP: 1/1
   245 | D:3      | Found a glowing drain.
   261 | Sewer    | Entered a sewer
   294 | Sewer    | Reached XP level 3. HP: 26/36 MP: 2/2
   407 | Sewer    | Reached skill level 4 in Unarmed Combat
   517 | D:3      | Reached ** piety under Trog
   542 | D:5      | Entered Level 5 of the Dungeon
   566 | D:5      | Found a staircase to the Ecumenical Temple.
   575 | D:5      | Reached XP level 4. HP: 45/45 MP: 3/3
   754 | D:5      | Reached XP level 5. HP: 53/53 MP: 4/4
   800 | D:5      | Reached skill level 5 in Unarmed Combat
   916 | D:6      | Found a blossoming altar of Fedhas.
   933 | D:6      | Noticed an orc warrior
   958 | D:6      | Killed an orc warrior
   958 | D:6      | Reached skill level 6 in Unarmed Combat
   958 | D:6      | Reached XP level 6. HP: 62/62 MP: 5/5
   966 | D:6      | Noticed an ice beast
   976 | D:6      | Killed an ice beast
  1147 | D:8      | Reached XP level 7. HP: 54/70 MP: 6/6
  1157 | D:8      | Reached skill level 7 in Unarmed Combat
  1298 | D:8      | Found Ocis's Assorted Antiques.
  1349 | D:8      | Reached skill level 8 in Unarmed Combat
  1403 | D:8      | Reached skill level 5 in Fighting
  1412 | D:8      | Reached XP level 8. HP: 79/80 MP: 7/7
  1482 | D:8      | Bought a white potion for 22 gold pieces
  1537 | D:9      | Noticed Prince Ribbit
  1555 | D:9      | Reached *** piety under Trog
  1570 | D:9      | Slain by Prince Ribbit

Vault maps used:
D:1:      minmay_arrival_glassed_features
D:2:      grunt_temple_overflow_cloverleaf, first_bread, bloody_trog, uniq_iyjb,
          uniq_terence
D:3:      gup_sewer_entry_pipe
D:4:      serial_shops, nicolae_shop_crystal, uniq_blork_the_orc
D:5:      gammafunk_temple_overflow_elements, minmay_strange_pillars,
          kennysheep_pointless_box, solitary_fountain
D:6:      fedhas_altar_3, uniq_menkaure
D:7:      kennysheep_path_1
D:8:      serial_shops, nicolae_shop_overgrown_old_shop
D:9:      zombieorc2_lemuel, special_room, uniq_prince_ribbit1
Sewer:    sewer_co_cracked_pipes

Skill      XL: |  1  2  3  4  5  6  7 |
---------------+----------------------+-----
Unarmed Combat | 4 6 8 |  8.5
Fighting       | 3 4 5 |  5.1
Dodging        | |  2.4

Action                   |  1- 3 |  4- 6 |  7- 9 || total
-------------------------+-------+-------+-------++-------
Melee: Unarmed           |    69 |    85 |   114 ||   268
       Punch             |       |     3 |     4 ||     7
Invok: Berserk           |       |     1 |     1 ||     2
  Use: Scroll            |     4 |       |     4 ||     8
       Potion            |       |       |     1 ||     1
 Stab: Sleeping          |     2 |       |       ||     2
  Eat: Chunk             |    11 |     7 |     3 ||    21
Armor: Animal skin       |    15 |    23 |    44 ||    82
Dodge: Dodged            |    32 |    35 |    42 ||   109
